 Dungeon Crawl Stone Soup version 0.25-a0-200-g5ba96148f3 (webtiles) character file.

Game seed: 16790846054058520689, levelgen mode: deterministic

51 Fingolfin the Magician (level 3, 0/28 HPs)
             Began as a Naga Wizard on Dec 1, 2019.
             Was an Initiate of Lugonu.
             Slain by an adder (3 damage)
             ... on level 2 of the Dungeon.
             The game lasted 00:04:34 (1296 turns).

Fingolfin the Magician (Naga Wizard)                Turns: 1296, Time: 00:04:35

Health: 0/28       AC:  2    Str:  9    XL:     3   Next: 83%
Magic:  4/8        EV:  9    Int: 19    God:    Lugonu [......]
Gold:   68         SH:  0    Dex:  9    Spells: 0/9 levels left

rFire    . . .     SeeInvis +   j - +0 whip (distort)
rCold    . . .     Gourm    .   (no shield)
rNeg     . . .     Faith    .   a - +0 robe
rPois    +         Spirit   .   b - +0 hat
rElec    .         Reflect  .   (no cloak)
rCorr    .         Harm     .   (no gloves)
MR       .....                  (no barding)
Stlth    ++........             (no amulet)
HPRegen  0.09/turn              (no ring)
MPRegen  0.11/turn              (no ring)

@: drained, very slow
A: large, see invisible, deformed body, poison resistance, slowness 2, slow
metabolism 1, spit poison 1, AC +1
a: Spit Poison, Renounce Religion


You were on level 2 of the Dungeon.
You worshipped Lugonu.
Lugonu was noncommittal.
You were not hungry.

You visited 1 branch of the dungeon, and saw 2 of its levels.
You visited the Abyss 1 time.

You collected 68 gold pieces.

Inventory:

Hand Weapons
 i - a +0 dagger
 j - a +0 whip of distortion (weapon)
Armour
 a - a +0 robe (worn)
 b - a +0 hat (worn)
Scrolls
 e - a scroll of enchant armour {unknown}
 f - a scroll of fog
 h - a scroll of teleportation
 k - a scroll of magic mapping
 l - a scroll of identify
Potions
 c - a potion of lignification {unknown}
 g - a potion of flight {unknown}
Comestibles
 d - 4 rations


   Skills:
 - Level 1.5(0.6) Dodging
 - Level 3.0(2.0) Stealth
 - Level 3.6(2.6) Spellcasting
 + Level 2.7(1.7) Conjurations
   Level 1.0(0.1) Summonings
 - Level 1.0(0.1) Translocations


You couldn't memorise any spells.
You knew the following spells:

 Your Spells              Type           Power        Failure   Level  Hunger
a - Magic Dart            Conj           #...         8%          1    None
b - Blink                 Tloc           N/A          22%         2    ##.....
c - Conjure Flame         Conj/Fire      #.......     32%         3    ###....
d - Mephitic Cloud        Conj/Pois/Air  #.......     36%         3    ###....

Your spell library contained the following spells:

 Spells                   Type           Power        Failure   Level  Hunger
 Call Imp                 Summ           #.......     22%         2    ##.....
 Slow                     Hex            #.......     24%         2    ##.....


Dungeon Overview and Level Annotations

Branches:
Dungeon (2/15)

Altars:


Innate Abilities, Weirdness & Mutations

You cannot wear boots.
Your serpentine skin is tough. (AC +1)
You have supernaturally acute eyesight. (SInv)
Armour fits poorly on your strangely shaped body.
Your system is resistant to poisons. (rPois)
You cover ground very slowly.
You have a slow metabolism.
You can spit poison.


Message History

The adder bites you. x2
* * * LOW HITPOINT WARNING * * *
Casting: Magic Dart (safe; 8% risk of failure)
Confirm with . or Enter, or press ? or * to list all spells.
Aiming: Magic Dart (safe; 8% risk of failure)
Press: ? - help, Shift-Dir - straight line, f/p - adder
Aim: an adder (almost dead)
The magic dart hits the adder but does no damage.
The adder is almost dead.
The adder bites you.
* * * LOW HITPOINT WARNING * * *
Casting: Magic Dart (safe; 8% risk of failure)
Confirm with . or Enter, or press ? or * to list all spells.
Aiming: Magic Dart (safe; 8% risk of failure)
Press: ? - help, Shift-Dir - straight line, f/p - adder
Aim: an adder (almost dead)
The magic dart hits the adder.
The adder is almost dead.
The adder bites you.
You die...

##...## ##.....# #
#......# #. #......#
#.< #.#...## .$..
#.##### ....? #.#
......###### #.#
.......(.S@#######.#
......####.........#
....) ###########
.... ###


You could see an adder.

Vanquished Creatures
  2 adders (D:2)
  A dart slug (D:2)
  A leopard gecko (D:1)
  A giant cockroach (D:2)
  5 goblins
  3 hobgoblins
  A bat (D:2)
  3 frilled lizards (D:1)
  7 kobolds
  4 rats
28 creatures vanquished.

Vanquished Creatures (others)
  A worm (D:2)
1 creature vanquished.

Grand Total: 29 creatures vanquished

Notes
Turn   | Place    | Note
-------+----------+-------------------------------------------
     0 | D:1      | Fingolfin the Naga Wizard began the quest for the Orb.
     0 | D:1      | Reached XP level 1. HP: 15/15 MP: 4/4
   287 | D:1      | Reached XP level 2. HP: 22/22 MP: 3/6
   938 | D:2      | Reached XP level 3. HP: 28/28 MP: 0/8
   958 | D:2      | Learned a level 2 spell: Blink
   962 | D:2      | Learned a level 3 spell: Conjure Flame
   966 | D:2      | Learned a level 3 spell: Mephitic Cloud
  1155 | D:2      | Cast into level 1 of the Abyss (kobold)
  1155 | Abyss:1  | Found a corrupted altar of Lugonu.
  1162 | Abyss:1  | Became a worshipper of Lugonu the Unformed
  1162 | Abyss:1  | Reached * piety under Lugonu
  1163 | D:2      | Escaped the Abyss
  1296 | D:2      | Slain by an adder

Levels and vault maps discovered:
D:1:      minmay_arrival_open_corners, layout_basic, hangedman_glass_teeth
D:2:      layout_loops_cross

Skill      XL: |  1  2  3 |
---------------+----------+-----
Conjurations   | 2 |  2.7
Dodging        | |  1.5
Stealth        | |  3.0
Spellcasting   | |  3.6
Summonings     | |  1.0
Translocations | |  1.0

Action                   || total
-------------------------++-------
Melee: Whip              ||    16
 Cast: Magic Dart        ||    40
Invok: Depart the Abyss  ||     1
 Abil: Spit Poison       ||    21
  Use: Scroll            ||     5
 Stab: Sleeping          ||     2
  Eat: Chunk             ||     2
Armor: Robe              ||     3
Dodge: Dodged            ||    11

Table legend:
 A = Non-vault XP
 B = Vault XP
 C = Vault XP percentage of total XP
 D = Non-vault monster count
 E = Vault monster count
 F = Vault count percentage of total count
                 A         B        C        D         E       F
            +---------+---------+-------+---------+---------+-------
      Total |      74 |       0 |   0.0 |      29 |       0 |   0.0
            +---------+---------+-------+---------+---------+-------
        D:1 |      18 |       0 |   0.0 |      12 |       0 |   0.0
        D:2 |      56 |       0 |   0.0 |      17 |       0 |   0.0
            +---------+---------+-------+---------+---------+-------
